 Dungeon Crawl Stone Soup version 0.30.1-4-g462c640d31 (webtiles) character file.

Game seed: 16895380845406791038

23 Destapler the Vexing (level 2, -1/22 HPs)
             Began as a Barachi Hexslinger on Aug 16, 2023.
             Slain by Sigmund
             ... wielding a +0 scythe of freezing
              (7 damage)
             ... on level 2 of the Dungeon.
             The game lasted 00:02:47 (853 turns).

Destapler the Vexing (Barachi Hexslinger)            Turns: 853, Time: 00:02:48

Health: -1/22      AC:  2    Str: 11    XL:     2   Next: 95%
Magic:  4/4        EV: 12    Int: 13    God:
Gold:   84         SH:  0    Dex: 12    Spells: 2/3 levels left

rFire   . . .        a - +1 sling
rCold   . . .        (no shield)
rNeg    . . .        c - +0 robe
rPois   .            (no helmet)
rElec   .            (no cloak)
rCorr   .            (no gloves)
SInv    .            (no boots)
Will    .....        (no amulet)
Stlth   +            (no ring)
HPRegen 0.23/turn    (no ring)
MPRegen 0.09/turn

%: no passive effects
@: slow
A: amphibious, slowness 1, strong legs 1, +LOS
a: Hop


You were on level 2 of the Dungeon.
You visited 1 branch of the dungeon, and saw 2 of its levels.

You collected 84 gold pieces.

Inventory:

Hand Weapons
 a - a +1 sling (weapon)
Armour
 c - a +0 robe (worn)
Jewellery
 k - a ring of willpower
Scrolls
 b - a scroll of poison
 d - a scroll of identify {unknown}
 f - a scroll of blinking {unknown}
 h - a scroll of fog {unknown}
Potions
 e - a potion of cancellation {unknown}
 g - a potion of curing {unknown}
 i - 2 potions of flight {unknown}
 j - 2 potions of degeneration {unknown}


   Skills:
 + Level 1.8 Fighting
 + Level 2.2 Ranged Weapons
 + Level 0.8 Armour
 + Level 2.5 Dodging
 + Level 1.3 Spellcasting
 + Level 3.5 Hexes


You had 2 spell levels left.
You knew the following spells:

 Your Spells              Type           Power      Damage    Failure   Level
a - Slow                  Hex            40%        N/A       6%          1

Your spell library contained the following spells:

 Spells                   Type           Power      Damage    Failure   Level
 Inner Flame              Hex/Fire       5%         N/A       36%         3
 Portal Projectile        Hex/Tloc       10%        N/A       36%         3
 Cause Fear               Hex            5%         N/A       54%         4


Dungeon Overview and Level Annotations

Branches:
Dungeon (2/15)

Altars:

Annotations:
D:2 Sigmund


Innate Abilities, Weirdness & Mutations

You are amphibious.
You cover ground slowly.
You can hop short distances.
You have an extended range of vision and can be seen from far away.


Message History

You shoot a sling bullet.
The sling bullet closely misses Sigmund.
Sigmund points at you and mumbles some strange words.
The magic dart hits you!
You shoot a sling bullet.
The sling bullet closely misses Sigmund.
Sigmund points at you and mumbles some strange words.
You resist with significant effort.
You shoot a sling bullet.
The sling bullet hits Sigmund but does no damage.
Sigmund is heavily wounded.
Sigmund casts a spell at you. The magic dart hits you.
* * * LOW HITPOINT WARNING * * *
You shoot a sling bullet. The sling bullet hits Sigmund!
Sigmund is severely wounded.
You shoot a sling bullet. The sling bullet barely misses Sigmund.
You shoot a sling bullet. The sling bullet hits Sigmund.
Sigmund is severely wounded.
You shoot a sling bullet. The sling bullet hits Sigmund.
Sigmund is almost dead.
Sigmund gestures at you while chanting. The magic dart hits you!
* * * LOW HITPOINT WARNING * * *
You shoot a sling bullet.
The sling bullet hits Sigmund but does no damage.
Sigmund is almost dead.
Sigmund is no longer moving slowly.
Sigmund points at you and mumbles some strange words.
You resist with significant effort.
You shoot a sling bullet.
The sling bullet closely misses Sigmund.
Sigmund gestures at you while chanting.
You are confused.
Sigmund gestures at you while chanting. You resist with significant effort.
There is a stone staircase leading up here.
You feel less confused.
Sigmund hits you from afar with a +0 scythe of freezing!
You die...

#................
#................
+.$..............
.#................
.........J........
>..............$..
##.)....@.........
#..........######
#######@#### ###


You could see Sigmund and an endoplasm.

Vanquished Creatures
  4 endoplasms (D:1)
  2 goblins (D:1)
  2 hobgoblins (D:1)
  2 kobolds (D:1)
  A quokka (D:1)
  2 ball pythons (D:1)
  3 bats (D:1)
  2 frilled lizards (D:1)
  3 rats (D:1)
21 creatures vanquished.

Notes
Turn   | Place    | Note
-------+----------+-------------------------------------------
     0 | D:1      | Destapler the Barachi Hexslinger began the quest for the
                  | Orb.
     0 | D:1      | Reached XP level 1. HP: 15/15 MP: 2/2
   159 | D:1      | Reached XP level 2. HP: 21/21 MP: 3/3
   735 | D:2      | Noticed Sigmund
   853 | D:2      | Slain by Sigmund

Illustrated notes

Levels and vault maps discovered:
D:1:      nicolae_arrival_washed_ashore, layout_basic, minivault_24
D:2:      layout_basic, shapermc_ecumenical_altar_hornbeckon,
          minmay_increasing_density, uniq_sigmund

Action                     || total
---------------------------++-------
   Fire: Sling             ||    57
   Cast: Slow              ||     5
 Armour: Robe              ||     1
  Dodge: Dodged            ||     4
